 Dungeon Crawl Stone Soup version 0.30-a0-368-g86fb4627a9 (webtiles) character file.

Game seed: 6436880860447383641

51 Anamonty the Vexing (level 3, 0/28 HPs)
             Began as a Barachi Hexslinger on Nov 19, 2022.
             Slain by an orc
             ... wielding a +0 whip
              (3 damage)
             ... on level 2 of the Dungeon.
             The game lasted 00:02:18 (1942 turns).

Anamonty the Vexing (Barachi Hexslinger)            Turns: 1942, Time: 00:02:18

Health: 0/28       AC:  3    Str: 11    XL:     3   Next: 83%
Magic:  5/5        EV: 12    Int: 13    God:
Gold:   45         SH:  0    Dex: 14    Spells: 4/5 levels left

rFire   . . .      SeeInvis .    k - +0 short sword
rCold   . . .      Faith    .    (no shield)
rNeg    . . .      Spirit   .    c - +0 robe
rPois   .          Reflect  .    (no helmet)
rElec   .          Harm     .    (no cloak)
rCorr   .          Rampage  .    (no gloves)
Will    .....                    g - +0 pair of boots
Stlth   +.........               (no amulet)
HPRegen 0.24/turn                (no ring)
MPRegen 0.09/turn                (no ring)

@: unable to hop, slow
A: amphibious, slowness 1, strong legs 1, +LOS
a: Hop


You were on level 2 of the Dungeon.
You visited 1 branch of the dungeon, and saw 3 of its levels.

You collected 45 gold pieces.

Inventory:

Hand Weapons
 a - a +1 sling
 k - a +0 short sword (weapon)
Armour
 c - a +0 robe (worn)
 g - a +0 pair of boots (worn)
Scrolls
 b - a scroll of poison
 d - 2 scrolls of noise {unknown}
 e - a scroll of amnesia {unknown}
 f - a scroll of summoning {unknown}
 h - 2 scrolls of identify {unknown}
 i - a scroll of blinking {unknown}
 j - a scroll of teleportation {unknown}


   Skills:
 * Level 2.5 Fighting
 * Level 2.6 Ranged Weapons
 + Level 2.5 Dodging
 + Level 1.6 Spellcasting
 + Level 3.6 Hexes


You had 4 spell levels left.
You knew the following spells:

 Your Spells              Type           Power      Damage    Failure   Level
a - Slow                  Hex            40%        N/A       6%          1

Your spell library contained the following spells:

 Spells                   Type           Power      Damage    Failure   Level
 Inner Flame              Hex/Fire       5%         N/A       36%         3
 Portal Projectile        Hex/Tloc       10%        N/A       36%         3
 Cause Fear               Hex            5%         N/A       52%         4


Dungeon Overview and Level Annotations

Branches:
Dungeon (3/15)

Altars:


Innate Abilities, Weirdness & Mutations

You are amphibious.
You cover ground slowly.
You can hop short distances.
You have an extended range of vision and can be seen from far away.


Message History

You hit the orc but do no damage. The orc hits you with a +0 whip.
You hit the orc.
The orc is moderately wounded.
The orc misses you.
You hit the orc.
The orc is heavily wounded.
The orc hits you with a +0 whip.
You closely miss the orc.
The orc is heavily wounded.
The orc barely misses you.
Hop to where?
Press: ? - help, Dir - move target Boing!
Okay, then.
The orc attacks as you move away! The orc hits you with a +0 whip.
The orc attacks as you move away! The orc closely misses you.
The orc attacks as you move away! The orc hits you with a +0 whip.
* * * LOW HITPOINT WARNING * * *
The orc attacks as you move away! The orc hits you with a +0 whip.
* * * LOW HITPOINT WARNING * * *
You hit the orc.
The orc is almost dead.
The orc closely misses you.
You closely miss the orc.
The orc is almost dead.
The orc closely misses you.
You closely miss the orc.
The orc is almost dead.
The orc hits you with a +0 whip.
* * * LOW HITPOINT WARNING * * *
You hit the orc but do no damage.
The orc is almost dead.
The orc barely misses you.
You hit the orc but do no damage.
The orc is almost dead.
The orc completely misses you.
You hit the orc but do no damage.
The orc is almost dead.
The orc hits you with a +0 whip.
You die...

#######.# #.....# #.#.# #.#
#.###.###.#.# #.# #.# #.....#.#
#.# ##.#########+# # #.# ##...##
##... ## #<# ##.....## ##.... .##
###.## #.......###.....
..###....#########.......##......
................@o........'......
.........##########.....###......
..###.#>.# ###.......#..... #.#
#.##.# #...#.###>##.... #.#
#.##.# #.#...# #.###... #.#
#....# #...### #.# ##'# #.#
####.# ##..# #.# #.# #.######.#
#.>#####.# #.# #........#
#).......# ##.#


You could see an orc.

Vanquished Creatures
  2 adders (D:2)
  An orc (D:2)
  4 endoplasms
  2 giant cockroaches
  3 hobgoblins
  4 ball pythons
  4 bats (D:1)
  4 frilled lizards (D:1)
  2 goblins (D:2)
  3 kobolds
  4 rats
33 creatures vanquished.

Notes
Turn   | Place    | Note
-------+----------+-------------------------------------------
     0 | D:1      | Anamonty the Barachi Hexslinger began the quest for the
                  | Orb.
     0 | D:1      | Reached XP level 1. HP: 15/15 MP: 2/2
    79 | D:1      | Reached XP level 2. HP: 21/21 MP: 3/3
   973 | D:2      | Reached XP level 3. HP: 11/27 MP: 3/5
  1942 | D:2      | Slain by an orc

Illustrated notes

Levels and vault maps discovered:
D:1:      lightli_arrival_farm, layout_basic
D:2:      layout_loops_corners, chequers_garden, chequers_serial_rivers_large_b
D:3:      layout_rooms, ebering_ecumenical_altar_petrified

Skill      XL: |  1  2 |
---------------+-------+-----
Fighting       | 2 |  2.5
Ranged Weapons | |  2.6
Dodging        | |  2.5
Spellcasting   | |  1.6
Hexes          | |  3.6

Action                   || total
-------------------------++-------
Melee: Short sword       ||    22
 Fire: Sling             ||    90
 Cast: Slow              ||     2
 Abil: Hop               ||     2
Armor: Robe              ||    12
Dodge: Dodged            ||    35

Table legend: (Time is in decaauts)
 A = Elapsed time spent in this place.
 B = Non-inter-level travel time spent in this place.
 C = Inter-level travel time spent in this place.
 D = Time resting spent in this place.
 E = Time spent auto-exploring this place.
 F = Levels seen in this place.
 G = Mean time per level.
                   A        B        C        D        E       F      G
               +--------+--------+--------+--------+--------+-----+--------+
         Total |   2302 |   2202 |    100 |      0 |   1921 |   3 |  767.3 |
       Dungeon |   2302 |   2202 |    100 |      0 |   1921 |   3 |  767.3 |
               +--------+--------+--------+--------+--------+-----+--------+

Top non-repeatable levels by time:
     D:2: 1191 daAuts
     D:1: 1106 daAuts
     D:3: 4 daAuts
